Map: Dusk Towers

Players

IlIlIlIlIlIl (Naniwa) - Winner!

  • Race: Protoss Protoss
  • League: Grandmaster

DnS

  • Race: Protoss Protoss
  • League: Grandmaster

VOD

Have the link to the VOD?

Description

Time

  • Played on: Feb. 27, 2016, 12:56 p.m.
  • Length: 19:38
Show
View Real Time Build Order
Export as new Build Order

IlIlIlIlIlIl Protoss - Winner!

Build Orders: 1 Gate Expand 

Get SALT Encoding   

  12  0:00  Probe (Chrono Boost)  
  13  0:11  Probe (Chrono Boost)  
  14  0:18  Pylon  
  14  0:22  Probe (Chrono Boost)  
  15  0:36  Probe (Chrono Boost)  
  15  0:37  Gateway  
  15  0:42  Assimilator  
  16  0:46  Probe (Chrono Boost)  
  18  0:57  Probe (Chrono Boost)  
  18  1:07  Probe (Chrono Boost)  
  19  1:18  Nexus  
  19  1:29  Cybernetics Core  
  19  1:30  Probe (Chrono Boost)  
  20  1:35  Assimilator  
  20  1:41  Probe (Chrono Boost)  
  20  1:45  Pylon  
  21  1:51  Probe (Chrono Boost)  
  22  2:02  Probe (Chrono Boost)  
  22  2:05  Warp Gate (Chrono Boost), Stalker (Chrono Boost)  
  25  2:13  Probe  
  26  2:25  Probe  
  26  2:29  Stalker (Chrono Boost)  
  27  2:35  Mothership Core  
  31  2:42  Gateway  
  31  2:47  Gateway  
  31  2:49  Pylon  
  31  2:54  Sentry  
  31  2:55  Probe  
  31  2:57  Probe  
  35  3:06  Pylon  
  35  3:08  Probe  
  35  3:09  Probe  
  37  3:20  Probe  
  37  3:21  Probe  
  39  3:30  Robotics Facility  
  39  3:33  Probe x2  
  41  3:45  Probe x2 (Chrono Boost)  
  43  3:49  Pylon  
  40  3:56  Probe x2 (Chrono Boost)  
  41  4:07  Probe x2 (Chrono Boost)  
  41  4:09  Twilight Council  
  43  4:17  Probe (Chrono Boost)  
  43  4:18  Probe (Chrono Boost)  
  43  4:23  Sentry x2  
  49  4:28  Probe x2 (Chrono Boost)  
  50  4:38  Probe (Chrono Boost)  
  50  4:39  Stalker, Probe (Chrono Boost)  
  50  4:43  Pylon  
  53  4:48  Blink (Chrono Boost), Probe (Chrono Boost)  
  53  4:49  Probe (Chrono Boost)  
  55  4:58  Probe  
  51  5:00  Probe  
  51  5:01  Nexus  
  51  5:05  Phoenix  
  52  5:08  Probe  
  52  5:11  Observer  
  52  5:12  Probe  
  55  5:14  Assimilator  
  55  5:16  Assimilator  
  55  5:19  Probe  
  56  5:25  Probe  
  57  5:32  Stalker x3, Probe  
  64  5:37  Probe  
  65  5:43  Probe  
  65  5:49  Probe  
  67  5:53  Probe  
  67  5:56  Stalker  
  70  5:59  Pylon  
  70  6:01  Pylon  
  70  6:02  Pylon  
  70  6:12  Stalker x2, Probe x3  
  77  6:22  Forge  
  77  6:23  Robotics Bay  
  77  6:25  Probe  
  77  6:27  Probe (Chrono Boost)  
  77  6:32  Probe (Chrono Boost)  
  79  6:37  Probe (Chrono Boost)  
  79  6:39  Probe (Chrono Boost)  
  82  6:40  Stalker x3  
  82  6:44  Probe (Chrono Boost)  
  82  6:46  Pylon  
  89  6:48  Probe (Chrono Boost)  
  89  6:50  Probe (Chrono Boost)  
  89  6:53  Probe (Chrono Boost)  
  91  6:56  Protoss Ground Weapons Level 1 (Chrono Boost)  
  91  6:57  Probe  
  91  7:00  Pylon  
  91  7:01  Probe  
  94  7:03  Probe  
  94  7:04  Gateway  
  94  7:08  Probe  
  95  7:11  Gateway  
  95  7:13  Probe  
  95  7:15  Gateway  
  97  7:22  Assimilator, Probe x2  
  97  7:23  Templar Archives  
  97  7:25  Probe  
  97  7:27  Assimilator, Stalker x2  
  104  7:32  Probe x2  
  104  7:36  Gateway  
  106  7:37  Gateway, Probe  
  107  7:56  Warp Prism (Chrono Boost)  
  107  7:58  Gateway x2  
  109  8:01  Psionic Storm  
  109  8:02  Charge  
  109  8:04  Pylon  
  109  8:17  Nexus  
  109  8:18  Pylon  
  109  8:22  High Templar x4  
  109  8:24  Zealot  
  109  8:26  Photon Cannon  
  119  8:27  Photon Cannon  
  119  8:31  Observer  
  119  8:41  Gateway  
  119  8:42  Gateway  
  119  8:43  Photon Cannon  
  119  8:47  Protoss Ground Weapons Level 2 (Chrono Boost)  
  119  8:56  High Templar x2  
  119  8:57  Zealot x4  
  119  9:01  Pylon  
  119  9:02  Zealot  
  133  9:04  Archon  
  133  9:08  Zealot, High Templar x2  
  139  9:11  Pylon  
  139  9:14  Archon, Photon Cannon  
  139  9:25  Assimilator  
  139  9:29  Assimilator  
  139  9:42  High Templar x3  
  139  9:43  High Templar  
  139  9:44  Zealot x8  
  163  9:48  Pylon  
  163  9:49  Pylon  
  163  9:51  Archon x2  
  163  9:59  Immortal  
  153  10:14  Stalker x4  
  153  10:15  Stalker x3  
  137  10:36  Zealot x5  
  137  10:40  Zealot x6  
  159  10:42  Zealot  
  161  11:02  High Templar x4  
  161  11:03  High Templar x2  
  173  11:04  Zealot x5  
  173  11:05  Zealot  
  173  11:08  Archon x3  
  157  11:28  Stalker x6  
  124  11:41  Zealot x6  
  134  11:55  High Templar  
  134  11:56  High Templar x5  
  134  12:00  Archon x3  
  146  12:02  Zealot x5  
  146  12:04  Zealot  
  158  12:13  Protoss Ground Weapons Level 3 (Chrono Boost)  
  158  12:29  High Templar x4  
  166  12:31  Zealot x6  
  166  12:34  Archon x2  
  166  12:35  High Templar x2  
  182  12:40  Pylon  
  182  12:42  Archon  
  130  13:15  Stalker x10  
  130  13:16  Stalker x2  
  154  13:48  Zealot x5  
  154  13:49  Zealot x4  
  154  13:50  Zealot  
  154  13:51  Zealot  
  154  13:55  Zealot  
  178  14:03  Nexus  
  178  14:05  Pylon  
  172  14:15  Warp Prism  
  166  14:21  High Templar x8  
  166  14:22  High Templar x2  
  166  14:23  Zealot  
  166  14:24  Zealot  
  184  14:31  Archon x2  
  180  14:32  Archon x3  
  174  14:45  Stalker x2  
  178  14:55  Stalker x5  
  178  14:56  Stalker x3  
  193  15:00  Stalker x2  
  193  15:32  Stalker x3  
  193  15:33  Stalker x6  
  195  15:35  Stalker x2  
  173  16:01  Stalker x6  
  173  16:02  Stalker x2  
  153  16:06  Stalker x2  
  157  16:11  Stalker  
  157  16:12  Stalker  
  161  16:26  Stalker x2  
  161  16:27  Stalker x2  
  169  16:35  Zealot x2, High Templar x2  
  177  16:45  Zealot x4, Archon  
  181  16:51  High Templar x2  
  181  16:53  Zealot x2  
  189  16:55  Archon  
  189  16:56  Zealot x2  
  119  17:23  High Templar x2  
  119  17:26  High Templar x2  
  119  17:27  Zealot x8  
  143  17:31  Archon x2  
  143  17:34  Photon Cannon  
  143  17:53  Pylon  
  143  17:55  Stalker x4  
  143  17:56  Stalker x4  
  143  17:57  Stalker  
  161  18:00  Assimilator, Stalker  
  161  18:01  Stalker  
  161  18:05  Assimilator  
  165  18:10  Stalker  
  167  18:13  Nexus  
  167  18:28  Zealot x6  
  167  18:29  Zealot x2  
  167  18:30  Zealot  
  167  18:33  High Templar x2  
  189  18:35  Zealot  
  189  18:37  Archon  
  169  19:02  Pylon  
  169  19:12  High Templar  
  169  19:13  High Templar x3  
  169  19:14  Zealot x6  
  169  19:16  Stalker x2  
  193  19:17  Archon x2  
Show
View Real Time Build Order
Export as new Build Order

DnS Protoss 

Build Orders: Oracle Opening 

Get SALT Encoding   

  12  0:00  Probe (Chrono Boost)  
  13  0:11  Probe (Chrono Boost)  
  14  0:17  Pylon  
  14  0:22  Probe (Chrono Boost)  
  15  0:35  Probe (Chrono Boost)  
  16  0:37  Gateway  
  16  0:43  Assimilator  
  16  0:46  Probe (Chrono Boost)  
  17  0:52  Assimilator  
  17  0:56  Probe (Chrono Boost)  
  18  1:04  Gateway  
  18  1:07  Probe (Chrono Boost)  
  19  1:18  Probe (Chrono Boost)  
  20  1:27  Cybernetics Core  
  20  1:28  Probe (Chrono Boost)  
  21  1:35  Pylon  
  21  1:39  Probe (Chrono Boost)  
  22  1:50  Probe (Chrono Boost)  
  23  2:03  Stargate  
  25  2:08  Stalker (Chrono Boost)  
  25  2:10  Stalker (Chrono Boost)  
  25  2:14  Warp Gate (Chrono Boost)  
  27  2:41  Nexus  
  27  2:51  Oracle (Chrono Boost)  
  30  2:58  Pylon  
  30  3:02  Probe  
  31  3:16  Probe  
  32  3:26  Oracle (Chrono Boost)  
  35  3:28  Probe  
  35  3:33  Robotics Facility  
  36  3:41  Probe (Chrono Boost)  
  37  3:46  Pylon  
  37  3:53  Mothership Core (Chrono Boost)  
  36  4:07  Assimilator, Probe (Chrono Boost)  
  37  4:11  Probe (Chrono Boost)  
  37  4:14  Pylon  
  38  4:17  Sentry, Probe (Chrono Boost)  
  38  4:21  Probe (Chrono Boost)  
  38  4:22  Observer  
  43  4:28  Probe (Chrono Boost)  
  44  4:32  Probe (Chrono Boost)  
  46  4:38  Probe (Chrono Boost)  
  46  4:43  Probe (Chrono Boost)  
  46  4:44  Immortal  
  51  4:49  Probe (Chrono Boost)  
  52  4:53  Pylon, Probe (Chrono Boost)  
  52  4:59  Probe (Chrono Boost)  
  54  5:04  Probe (Chrono Boost)  
  55  5:07  Void Ray  
  55  5:10  Probe (Chrono Boost)  
  60  5:14  Probe (Chrono Boost)  
  60  5:16  Pylon  
  60  5:20  Probe (Chrono Boost)  
  62  5:25  Probe (Chrono Boost)  
  63  5:31  Stargate, Probe (Chrono Boost)  
  63  5:35  Probe (Chrono Boost)  
  65  5:39  Assimilator  
  65  5:41  Probe (Chrono Boost)  
  66  5:45  Nexus  
  66  5:46  Probe (Chrono Boost)  
  66  5:48  Pylon  
  67  5:52  Probe (Chrono Boost)  
  67  5:56  Void Ray (Chrono Boost)  
  72  5:59  Probe (Chrono Boost)  
  72  6:03  Probe (Chrono Boost)  
  74  6:09  Pylon  
  74  6:10  Probe (Chrono Boost)  
  75  6:13  Probe (Chrono Boost)  
  75  6:14  Immortal  
  80  6:21  Void Ray (Chrono Boost)  
  80  6:24  Probe  
  80  6:25  Probe  
  86  6:33  Pylon  
  86  6:34  Pylon  
  86  6:36  Probe  
  86  6:37  Probe  
  88  6:42  Void Ray (Chrono Boost)  
  92  6:48  Probe  
  92  6:49  Probe  
  92  6:51  Stalker  
  92  6:53  Stalker  
  98  7:00  Probe  
  99  7:01  Probe  
  99  7:03  Void Ray (Chrono Boost)  
  99  7:08  Probe  
  104  7:11  Assimilator  
  104  7:12  Probe  
  104  7:15  Stargate  
  106  7:18  Probe  
  106  7:20  Fleet Beacon  
  106  7:21  Probe  
  107  7:24  Assimilator  
  107  7:29  Probe  
  109  7:30  Probe  
  109  7:33  Pylon  
  109  7:35  Forge  
  109  7:36  Probe  
  110  7:41  Probe  
  110  7:42  Probe  
  110  7:44  Pylon  
  113  7:46  Pylon  
  113  7:52  Immortal  
  117  8:00  Pylon  
  117  8:01  Pylon  
  117  8:10  Carrier x2 (Chrono Boost)  
  129  8:16  Carrier (Chrono Boost)  
  129  8:19  Pylon  
  135  8:24  Pylon  
  135  8:39  Photon Cannon  
  135  8:40  Pylon  
  135  8:41  Photon Cannon  
  135  8:42  Observer  
  135  8:44  Adept x2  
  135  8:47  Graviton Catapult, Nexus  
  140  8:49  Protoss Air Weapons Level 1  
  140  8:54  Pylon  
  140  9:05  Adept x2  
  140  9:07  Photon Cannon  
  144  9:10  Photon Cannon  
  144  9:11  Photon Cannon  
  144  9:12  Pylon  
  141  9:25  Carrier (Chrono Boost)  
  147  9:32  Pylon  
  147  9:35  Carrier (Chrono Boost)  
  153  9:39  Photon Cannon  
  153  9:40  Photon Cannon  
  153  9:42  Photon Cannon  
  153  9:48  Sentry x2  
  157  9:55  Photon Cannon  
  163  10:01  Carrier (Chrono Boost)  
  160  10:14  Stalker x2  
  158  10:34  Stargate, Immortal  
  162  10:38  Adept x2  
  162  10:40  Photon Cannon  
  162  10:41  Carrier (Chrono Boost)  
  172  10:45  Protoss Air Weapons Level 2  
  172  10:52  Carrier (Chrono Boost)  
  176  11:00  Adept x2  
  179  11:06  Probe x2  
  179  11:07  Photon Cannon  
  127  11:36  Stalker  
  127  11:37  Stalker  
  110  11:40  Carrier (Chrono Boost)  
  110  11:41  Carrier (Chrono Boost)  
  110  11:45  Immortal  
  126  11:51  Photon Cannon  
  126  11:52  Photon Cannon  
  126  12:00  Adept x2  
  136  12:13  Carrier (Chrono Boost)  
  136  12:14  Carrier (Chrono Boost)  
  142  12:21  Nexus  
  142  12:24  Sentry  
  144  12:52  Adept x2  
  144  12:56  Carrier (Chrono Boost)  
  130  13:17  Carrier (Chrono Boost)  
  136  13:24  Nexus  
  142  13:30  Carrier (Chrono Boost)  
  147  13:51  Carrier (Chrono Boost), Nexus  
  147  13:52  Pylon  
  145  13:57  Observer  
  144  14:03  Adept x2  
  148  14:24  Adept x2  
  152  14:32  Nexus  
  152  14:47  Sentry x2  
  156  15:15  Carrier (Chrono Boost)  
  162  15:22  Sentry x2  
  166  15:30  Protoss Air Weapons Level 3 (Chrono Boost)  
  133  16:16  Carrier (Chrono Boost)  
  139  16:29  Adept x2  
  142  16:48  Assimilator  
  142  16:49  Assimilator  
  142  16:52  Zealot x2  
  146  16:59  Photon Cannon  
  146  17:00  Archon x2, Photon Cannon  
  95  17:24  Nexus  
  101  17:30  Carrier (Chrono Boost)  
  101  18:00  Carrier (Chrono Boost)  
  107  18:09  Assimilator  
  107  18:24  Adept x2  
Tags
 
Add a new tag
Caveats
  • Supply blocks, unpowered buildings, or Contaminate may cause inaccurate times.
  • Supply counts are checked every 10 seconds.